 Dungeon Crawl Stone Soup version 0.31-a0-574-g69dc8cc98e (webtiles) character file.

Game seed: 15491400629356713534

12 RepHenryClay the Sneak (level 2, -6/26 HPs)
             Began as a Hill Orc Delver on Aug 19, 2023.
             Splashed by a jelly's acid (8 damage)
             ... on level 4 of the Dungeon.
             The game lasted 00:00:34 (200 turns).

RepHenryClay the Sneak (Hill Orc Delver)             Turns: 200, Time: 00:00:34

Health: -6/26      AC:  3    Str: 14    XL:     2   Next: 33%
Magic:  2/2        EV: 11    Int: 10    God:
Gold:   14         SH:  0    Dex: 12    Spells: 1/1 levels left

rFire   . . .        a - +0 hand axe
rCold   . . .        (no shield)
rNeg    . . .        b - +0 leather armour
rPois   .            (no helmet)
rElec   .            (no cloak)
rCorr   .            (no gloves)
SInv    .            (no boots)
Will    .....        (no amulet)
Stlth   ++           (no ring)
HPRegen 0.24/turn    (no ring)
MPRegen 0.08/turn

%: no passive effects
@: no status effects
A: no striking features
a: no special abilities


You were on level 4 of the Dungeon.
You visited 1 branch of the dungeon, and saw 2 of its levels.

You collected 14 gold pieces.

Inventory:

Hand Weapons
 a - a +0 hand axe (weapon)
Armour
 b - a +0 leather armour (worn)
Wands
 g - a wand of digging (3)
Scrolls
 c - a scroll of fog
 d - a scroll of revelation
 e - a scroll of fear
 h - a scroll of identify {unknown}
Potions
 f - a potion of haste


   Skills:
 - Level 3.6 Fighting
 + Level 3.3 Axes
 + Level 1.3 Armour
 - Level 1.5 Dodging
 - Level 4.1 Stealth


You had one spell level left.
You didn't know any spells.
Your spell library was empty.

Dungeon Overview and Level Annotations

Branches:
Dungeon (5/15)
 Temple: D:4-7

Altars:


Message History

You start resting.
You feel sick. x3
You are no longer poisoned.
Damage: -8%(-2hp) hp: 35%(9hp)
You start resting.
HP restored.
Unknown command.
There is a stone staircase leading down here.
Found a scroll labelled LATUMU LORAF.
A jelly comes into view.
h - a scroll labelled LATUMU LORAF The jelly hits you.
You are splashed with acid!
Huge Dmg: -42%(-11hp) hp: 58%(15hp)
You are too injured to fight recklessly!
You hit the jelly but do no damage.
Your hands burn!
The jelly closely misses you. x2
Huge Dmg: -15%(-4hp) hp: 43%(11hp)
Okay, then.
You hit the jelly.
Your hands burn!
* * * LOW HITPOINT WARNING * * *
The jelly is lightly wounded.
The jelly misses you.
Damage: -8%(-2hp) hp: 35%(9hp) Unknown command.
You hit the jelly.
Your hands burn!
* * * LOW HITPOINT WARNING * * *
The jelly is moderately wounded.
The jelly hits you but does no damage.
Huge Dmg: -8%(-2hp) hp: 27%(7hp)
You hit the jelly.
Your hands burn!
* * * LOW HITPOINT WARNING * * *
The jelly is heavily wounded.
The jelly completely misses you.
Huge Dmg: -7%(-2hp) hp: 20%(5hp)
You hit the jelly.
Your hands burn!
* * * LOW HITPOINT WARNING * * *
The jelly is severely wounded.
The jelly hits you.
* * * LOW HITPOINT WARNING * * *
You are splashed with acid!
You die...

#####...########.........#
......#..##..............#
..#...>.....####....#....#
....†###.#### #...###...#
...†)..#.# #..## ##..#
#....#.#.# #.#.# #.#.#
.....#.#.# #.##.#.##.#
.........# #.###.###.#
#......... #J@.......#
.....#.#.. #####.#####
#....#..... #.# #....
##...^ #.# ..# #.# #.# ..#


You could see a jelly.

Vanquished Creatures
  An adder (D:4)
  A goblin (D:4)
  A quokka (D:4)
  A ball python (D:4)
4 creatures vanquished.

Notes
Turn   | Place    | Note
-------+----------+-------------------------------------------
     0 | D:5      | RepHenryClay the Hill Orc Delver began the quest for the
                  | Orb.
     0 | D:5      | Reached XP level 1. HP: 19/19 MP: 1/1
    93 | D:4      | Reached skill level 1 in Armour
    93 | D:4      | Reached XP level 2. HP: 13/26 MP: 2/2
   200 | D:4      | Splashed by a jelly's acid

Illustrated notes

Levels and vault maps discovered:
D:4:      layout_loops_cross, chequers_serial_rivers_small_b,
          hangedman_abyss_or_decor_passed
D:5:      layout_gridville, temple_fountains, serial_shops, shop

Skill      XL: |  1 |
---------------+----+-----
Axes           | 3 |  3.3
Armour         | 1 |  1.3
Fighting       | |  3.6
Dodging        | |  1.5
Stealth        | |  4.1

Action                     || total
---------------------------++-------
  Melee: Hand axe          ||    18
   Stab: Sleeping          ||     1
 Armour: Leather armour    ||     4
  Dodge: Dodged            ||    13

Table legend: (Time is in decaauts)
 A = Elapsed time spent in this place.
 B = Non-inter-level travel time spent in this place.
 C = Inter-level travel time spent in this place.
 D = Time resting spent in this place.
 E = Time spent auto-exploring this place.
 F = Levels seen in this place.
 G = Mean time per level.
                   A        B        C        D        E       F      G
               +--------+--------+--------+--------+--------+-----+--------+
         Total |    202 |    202 |      0 |     72 |     70 |   2 |  101.0 |
       Dungeon |    202 |    202 |      0 |     72 |     70 |   2 |  101.0 |
               +--------+--------+--------+--------+--------+-----+--------+

Top non-repeatable levels by time:
     D:4: 126 daAuts
     D:5: 76 daAuts
